 Dungeon Crawl Stone Soup version 0.26-a0-665-gefeb406119 (webtiles) character file.

Game seed: 6445890626597884910

13123 somkeydreadnuts the Cleaver (level 11, -4/148 HPs)
             Began as a Minotaur Berserker on Oct 14, 2020.
             Was a High Priest of Trog.
             Slain by a death yak (14 damage)
             ... on level 3 of the Lair of Beasts.
             The game lasted 01:06:08 (9711 turns).

somkeydreadnuts the Cleaver (Minotaur Berserker)    Turns: 9711, Time: 01:06:09

Health: -4/148     AC: 13    Str: 24    XL:     11   Next: 71%
Magic:  10/10      EV:  7    Int:  4    God:    Trog [*****.]
Gold:   765        SH: 13    Dex:  9    Spells: 10/10 levels left

rFire    x . .     SeeInvis +   e - +5 broad axe "Kucrao Nere" {venom, rPois MR+++ Dex-2 SInv}
rCold    + . .     Faith    .   s - +2 kite shield
rNeg     . . .     Spirit   .   V - +0 plate armour
rPois    +         Reflect  .   (helmet restricted)
rElec    .         Harm     +   j - scarf {harm}
rCorr    .         Rampage  .   (no gloves)
MR       +++++     Clarity  +   M - +2 pair of boots
Stlth    ..........             p - amulet of regeneration
HPRegen  1.74/turn              n - ring of ice
MPRegen  0.12/turn              P - ring of see invisible

@: berserking, regenerating, very quick
A: retaliatory headbutt, horns 2, clarity, deformed body, MP-powered wands
a: Berserk, Trog's Hand, Brothers in Arms, Renounce Religion


You were on level 3 of the Lair of Beasts.
You worshipped Trog.
Trog was extremely pleased with you.
You visited 2 branches of the dungeon, and saw 12 of its levels.

You collected 765 gold pieces.

Inventory:

Hand Weapons
 d - the +5 broad axe of Trog's Outrage {vorpal, rPois Str+2 SInv}
   (Trog gifted it to you on level 7 of the Dungeon)

   It inflicts extra damage upon your enemies.
   It affects your strength (+2).
   It protects you from poison.
   It lets you see invisible.
 e - the +5 broad axe "Kucrao Nere" (weapon) {venom, rPois MR+++ Dex-2 SInv}
   (You acquired it on level 1 of the Lair of Beasts)

   It poisons the flesh of those it strikes.
   It affects your dexterity (-2).
   It protects you from poison.
   It affects your resistance to hostile enchantments.
   It lets you see invisible.
 W - a +8 rapier of flaming
Armour
 j - a scarf of harm (worn)
 s - a +2 kite shield (worn)
 L - a scarf of shadows
 M - a +2 pair of boots (worn)
 S - a +1 cloak of preservation
 V - a +0 plate armour (worn)
Jewellery
 c - an uncursed amulet of magic regeneration
 n - a ring of ice (left hand)
 p - an amulet of regeneration (around neck)
 t - an uncursed ring of teleportation
 P - a ring of see invisible (right hand)
Wands
 a - a wand of flame (26)
 f - a wand of acid (11)
 N - a wand of paralysis (9)
 R - a wand of digging (2)
 T - a wand of disintegration (28)
 U - a wand of random effects (10)
Scrolls
 h - 14 scrolls of identify
 k - 2 scrolls of magic mapping
 l - 3 scrolls of teleportation
 x - a scroll of immolation
 A - 2 scrolls of amnesia
 B - a scroll of blinking
 F - 2 scrolls of fear
 G - 2 scrolls of fog
 I - 3 scrolls of remove curse
Potions
 b - 3 potions of curing
 g - a potion of might
 i - a potion of cancellation
 m - 4 potions of brilliance
 o - a potion of ambrosia
 r - 3 potions of stabbing
 z - 3 potions of haste
 D - 4 potions of flight
 K - a potion of resistance


   Skills:
 + Level 9.8 Fighting
 + Level 3.0 Short Blades
 + Level 14.1(14.3) Axes
   Level 4.2(10.3) Polearms
 + Level 10.3 Armour
 + Level 4.3 Dodging
 + Level 2.5 Stealth
 + Level 7.9 Shields
 + Level 0.4 Evocations


You had 10 spell levels left.
You didn't know any spells.
Your spell library was empty.

Dungeon Overview and Level Annotations

Branches:
Dungeon (9/15)             Temple (0/1) D:5            Lair (3/6) D:9
    Orc (0/2) D:9
  Swamp: Lair:2-4    Shoals: Lair:2-4     Snake: Lair:2-4    Spider: Lair:2-4

Altars:
Ashenzari
Dithmenos
Hepliaklqana
Nemelex Xobeh
Qazlal
Ru
Vehumet
The Shining One

Shops:
D:6 }   D:9 [

Annotations:
Lair:2 exclusion: oklob plant


Innate Abilities, Weirdness & Mutations

You reflexively headbutt those who attack you in melee.
You have a pair of horns on your head.
You possess an exceptional clarity of mind.
Armour fits poorly on your strangely shaped body.
You expend magic power (3 MP) to strengthen your wands.


Message History

The death yak gores you!!
* * * LOW HITPOINT WARNING * * *
You block the death yak's attack.
You are too berserk!
You slash the death yak!
The death yak looks as sick as possible!
The death yak is moderately wounded.
You hit the death yak. You slash the death yak! You slice the death yak!!
The death yak looks as sick as possible!
The death yak is heavily wounded.
You slash the death yak!
The death yak looks as sick as possible!
You slash the death yak!
You kill the death yak!
Trog accepts your kill.
You feel your intelligence returning.
Your Axes skill increases to level 14!
The death yak gores you!
You die...

#..... .. ##.....
....# #......##
####....#
........###..#.#.#
.................#.
.................#.
...........Y.....#
.........<.YY....#
#.....P####@###...
##..=## ### ##. #


You could see 3 death yaks.

Vanquished Creatures
  3 hydras
  A two-headed ogre (D:7)
  2 death yaks (Lair:3)
  The ghost of corevian the Thaumaturge, a novice DECj (D:7)
  Maurice (D:9)
  Psyche (D:9)
  A black mamba (Lair:2)
  A cane toad (Lair:1)
  A rime drake (Lair:1)
  2 komodo dragons
  A polar bear (Lair:1)
  Sigmund (D:3)
  3 yaks (Lair:2)
  A steam dragon (D:8)
  A wyvern (D:8)
  Grum (D:9)
  A basilisk (Lair:1)
  4 water moccasins
  2 hell hounds (Lair:2)
  Duvessa (D:5)
  An ice beast (D:6)
  A phantom (D:8)
  5 sky beasts
  2 orc warriors
  3 ogres
  A necrophage (D:9)
  12 wolves
  4 centaurs
  A big kobold (D:8)
  Blork the orc (D:4)
  8 bullfrogs
  Dowan (D:5)
  2 scorpions
  3 killer bees (D:8)
  An electric eel (Lair:2)
  A howler monkey (D:7)
  A bullfrog zombie (D:7)
  4 hounds
  A jelly (D:8)
  5 orc priests
  2 centaur skeletons
  9 orc wizards
  4 iguanas
  7 worker ants
  A hound zombie (D:6)
  2 hound skeletons
  2 worker ant zombies
  6 adders
  2 white imps
  An ufetubus (D:9)
  2 oozes
  2 adder zombies
  3 worms
  10 dart slugs
  8 leopard geckos
  35 orcs
  5 giant cockroaches
  9 goblins
  6 hobgoblins
  6 jackals
  10 kobolds
  9 quokkas
  A ball python (D:2)
  12 bats
  6 frilled lizards
  A giant cockroach zombie (D:5)
  2 leopard gecko skeletons
  26 rats
277 creatures vanquished.

Vanquished Creatures (others)
  2 fungi
  14 plants
16 creatures vanquished.

Grand Total: 293 creatures vanquished

Notes
Turn   | Place    | Note
-------+----------+-------------------------------------------
     0 | D:1      | somkeydreadnuts the Minotaur Berserker began the quest for
                  | the Orb.
     0 | D:1      | Reached XP level 1. HP: 19/19 MP: 0/0
   292 | D:1      | Reached XP level 2. HP: 27/27 MP: 1/1
   713 | D:1      | Reached skill level 4 in Axes
  1144 | D:2      | Reached ** piety under Trog
  1148 | D:2      | Reached XP level 3. HP: 31/33 MP: 2/2
  1210 | D:2      | Reached skill level 5 in Axes
  1252 | D:2      | Reached XP level 4. HP: 40/40 MP: 3/3
  1392 | D:2      | Found a shadowy altar of Dithmenos.
  2158 | D:3      | Noticed a sky beast
  2170 | D:3      | HP: 2/41 [something (7)]
  2173 | D:3      | Killed a sky beast
  2173 | D:3      | Reached skill level 1 in Short Blades
  2173 | D:3      | Reached XP level 5. HP: 3/47 MP: 4/4
  2355 | D:3      | Reached *** piety under Trog
  2486 | D:3      | Reached XP level 6. HP: 53/53 MP: 5/5
  2628 | D:3      | Noticed Sigmund
  2646 | D:3      | Killed Sigmund
  2646 | D:3      | Reached skill level 6 in Axes
  2646 | D:3      | Reached skill level 1 in Polearms
  2913 | D:3      | Reached skill level 5 in Fighting
  2950 | D:3      | Reached XP level 7. HP: 61/61 MP: 6/6
  3125 | D:4      | Reached **** piety under Trog
  3126 | D:4      | Reached skill level 1 in Shields
  3546 | D:4      | Noticed Blork the orc
  3552 | D:4      | Killed Blork the orc
  4035 | D:5      | Entered Level 5 of the Dungeon
  4176 | D:5      | Found a staircase to the Ecumenical Temple.
  4182 | D:5      | Reached XP level 8. HP: 63/70 MP: 7/7
  4396 | D:5      | Reached skill level 7 in Axes
  4441 | D:5      | Noticed Duvessa
  4441 | D:5      | Noticed Dowan
  4445 | D:5      | Killed Duvessa
  4445 | D:5      | Reached skill level 5 in Armour
  4448 | D:5      | Killed Dowan
  4620 | D:5      | Found a sacrificial altar of Ru.
  5101 | D:6      | Found a sparkling altar of Nemelex Xobeh.
  5101 | D:6      | Found a glowing golden altar of the Shining One.
  5242 | D:6      | Found Togat's Gadget Emporium.
  5275 | D:6      | Found a radiant altar of Vehumet.
  5312 | D:6      | Reached skill level 8 in Axes
  5332 | D:6      | Reached ***** piety under Trog
  5837 | D:7      | Reached XP level 9. HP: 77/78 MP: 8/8
  5882 | D:7      | Noticed corevian's ghost (novice DECj)
  5884 | D:7      | Noticed a two-headed ogre
  5890 | D:7      | Found a transporter.
  5898 | D:7      | Found a transporter.
  5909 | D:7      | Killed a two-headed ogre
  5909 | D:7      | Reached skill level 9 in Axes
  5913 | D:7      | Killed corevian's ghost
  5913 | D:7      | Reached skill level 5 in Shields
  5985 | D:7      | Found a hazy altar of Hepliaklqana.
  5990 | D:7      | Identified the +4 dagger of the Thirteen Yaks {vamp, MR+}
  6002 | D:7      | Reached skill level 10 in Axes
  6023 | D:7      | Received a gift from Trog
  6033 | D:7      | Got a translucent broad axe {god gift}
  6034 | D:7      | Identified the +5 broad axe of Trog's Outrage {vorpal,
                  | rPois Str+2 SInv} (Trog gifted it to you on level 7 of the
                  | Dungeon)
  6204 | D:7      | Found a broken altar of Ashenzari.
  6560 | D:8      | Reached XP level 10. HP: 88/88 MP: 9/9
  6826 | D:8      | Reached skill level 11 in Axes
  7112 | D:9      | Found a staircase to the Orcish Mines.
  7112 | D:9      | Found Ytzob's Armour Shoppe.
  7301 | D:9      | Noticed Psyche
  7303 | D:9      | Found a stormy altar of Qazlal.
  7307 | D:9      | Killed Psyche
  7419 | D:9      | Noticed Maurice
  7421 | D:9      | Noticed Grum
  7433 | D:9      | Killed Grum
  7433 | D:9      | Killed Maurice
  7471 | D:9      | Found a staircase to the Lair.
  7536 | D:9      | Reached skill level 12 in Axes
  7911 | Lair:1   | Entered Level 1 of the Lair of Beasts
  7941 | Lair:1   | Noticed an eight-headed hydra
  7947 | Lair:1   | Killed a ten-headed hydra
  7947 | Lair:1   | Reached skill level 1 in Stealth
  8029 | Lair:1   | Noticed a seven-headed hydra
  8035 | Lair:1   | Killed a ten-headed hydra
  8066 | Lair:1   | Reached XP level 11. HP: 95/95 MP: 10/10
  8105 | Lair:1   | Received a gift from Trog
  8131 | Lair:1   | Identified a scroll of acquirement
  8133 | Lair:1   | Acquired the +5 broad axe "Kucrao Nere" {venom, rPois MR+++
                  | Dex-2 SInv}
  8329 | Lair:1   | Reached skill level 13 in Axes
  8817 | Lair:1   | Gained mutation: Armour fits poorly on your strangely
                  | shaped body. [potion of mutation]
  8817 | Lair:1   | Gained mutation: You possess an exceptional clarity of
                  | mind. [potion of mutation]
  8817 | Lair:1   | Gained mutation: You expend magic power (3 MP) to
                  | strengthen your wands. [potion of mutation]
  8853 | Lair:2   | Noticed an oklob plant
  9044 | Lair:2   | Noticed a six-headed hydra
  9067 | Lair:2   | Killed an eight-headed hydra
  9067 | Lair:2   | Reached skill level 10 in Armour
  9294 | Lair:2   | Found a dark tunnel.
  9694 | Lair:3   | Noticed a death yak
  9694 | Lair:3   | Noticed a death yak
  9694 | Lair:3   | Noticed a death yak
  9694 | Lair:3   | Noticed a death yak
  9694 | Lair:3   | Noticed a death yak
  9708 | Lair:3   | Killed a death yak
  9711 | Lair:3   | Killed a death yak
  9711 | Lair:3   | Reached skill level 14 in Axes
  9711 | Lair:3   | Slain by a death yak

Illustrated notes

Levels and vault maps discovered:
D:1:      heliophobic_arrival_battle_scene, layout_basic
D:2:      layout_loops_ring, grunt_dithmenos_smoke_and_mirrors, serial_forest,
          infiniplex_forest_fountain, infiniplex_forest_end_2,
          infiniplex_forest_lined_corner, infiniplex_forest_3_way,
          infiniplex_forest_zigzag_1, infiniplex_forest_lined_room_2,
          infiniplex_forest_clump_double, infiniplex_forest_zigzag_2,
          infiniplex_forest_lined_2, infiniplex_forest_clump_tiny,
          hangedman_feature_mirror, minmay_rat_hole
D:3:      kennysheep_slugbush, layout_loops_ring, grunt_ministairs_13,
          minmay_pentangle, uniq_sigmund
D:4:      layout_loops_corners, kennysheep_opposing_triangles,
          uniq_blork_the_orc
D:5:      layout_basic, nicolae_ru_awakened_eye, minmay_temple_entry_mini_moons,
          uniq_duvessa
D:6:      layout_loops_ring, vehumet_altar_wand_db,
          gammafunk_temple_overflow_wave, serial_shops, shop
D:7:      layout_basic, kennysheep_mini_moat, lemuel_doored_altar,
          gammafunk_ghost_arena
D:8:      layout_cave_pools
D:9:      layout_irregular_city, old_standard_altar, lair_entry_dummy,
          orc_david_3, uniq_maurice, uniq_psyche, uniq_grum
Lair:1:   layout_cave_pods, infiniplex_staircase_pool
Lair:2:   layout_regular_city, enter_volcano_3, nicolae_lair_grove_arrangements,
          serial_bayou_lagoon_a, chequers_serial_rivers_large_b,
          minmay_lair_oklob_chamber, grunt_megastairs_5, lemuel_fruit_tree
Lair:3:   layout_gridlike, shoals_dummy_entry,
          nicolae_spider_entry_tight_spaces, gammafunk_ghost_berserking_beasts

Skill      XL: |  1  2  3  4  5  6  7  8  9 10 11 |
---------------+----------------------------------+-----
Axes           | 4 5 6 8 10 12 14 | 14.1
Fighting       | 4 5 6 8 9 |  9.8
Armour         | 3 4 6 8 9 10 | 10.3
Short Blades   | 1 2 3 |  3.0
Dodging        | 3 4 |  4.3
Polearms       | 2 4 |  4.2
Shields        | 2 4 5 6 7 |  7.9
Stealth        | 1 2 |  2.5
Evocations     | |  0.4

Action                   |  1- 3 |  4- 6 |  7- 9 | 10-12 || total
-------------------------+-------+-------+-------+-------++-------
Melee: Hand axe          |    54 |    52 |   201 |       ||   307
       Headbutt          |     7 |    19 |    42 |    27 ||    95
       Short sword       |       |    34 |       |       ||    34
       Trident           |       |    47 |       |       ||    47
       War axe           |       |       |    19 |       ||    19
       Broad axe         |       |       |    24 |   155 ||   179
Invok: Berserk           |       |     1 |     4 |     5 ||    10
       Trog's Hand       |       |       |       |     4 ||     4
Evoke: Wand              |       |       |       |     2 ||     2
  Use: Scroll            |       |     2 |     2 |    13 ||    17
       Potion            |       |       |       |    11 ||    11
 Stab: Paralysed         |       |       |       |     2 ||     2
Armor: Ring mail         |    19 |    49 |     3 |       ||    71
       Chain mail        |       |       |    72 |    21 ||    93
       Plate armour      |       |       |       |    50 ||    50
Dodge: Dodged            |    28 |    69 |    55 |    53 ||   205
Block: Kite shield       |       |    12 |    89 |   104 ||   205

Table legend: (Time is in decaauts)
 A = Elapsed time spent in this place.
 B = Non-inter-level travel time spent in this place.
 C = Inter-level travel time spent in this place.
 D = Time resting spent in this place.
 E = Time spent auto-exploring this place.
 F = Levels seen in this place.
 G = Mean time per level.
                   A        B        C        D        E       F      G
               +--------+--------+--------+--------+--------+-----+--------+
         Total |   9839 |   8598 |   1241 |      0 |   6704 |  12 |  819.9 |
       Dungeon |   7984 |   6973 |   1011 |      0 |   5480 |   9 |  887.1 |
          Lair |   1854 |   1625 |    229 |      0 |   1224 |   3 |  618.0 |
               +--------+--------+--------+--------+--------+-----+--------+

Top non-repeatable levels by time:
     D:1: 1122 daAuts
     D:5: 1045 daAuts
     D:2: 1012 daAuts
     D:3: 1009 daAuts
  Lair:1: 962 daAuts
     D:4: 924 daAuts
  Lair:2: 877 daAuts
     D:9: 817 daAuts
     D:8: 725 daAuts
     D:6: 710 daAuts
     D:7: 615 daAuts
  Lair:3: 14 daAuts
